 Dungeon Crawl Stone Soup version 0.31-a0-208-gdb31a4691d (webtiles) character file.

Game seed: 250283652487758602

1373 Dylgear the Chopper (level 8, -3/61 HPs)
             Began as a Formicid Fighter on June 28, 2023.
             Was a Follower of Wu Jian.
             Slain by an ogre
             ... wielding a +0 giant spiked club
              (25 damage)
             ... on level 6 of the Dungeon.
             The game lasted 00:11:55 (5635 turns).

Dylgear the Chopper (Formicid Fighter)              Turns: 5635, Time: 00:11:56

Health: -3/61      AC: 10    Str: 21    XL:     8   Next: 98%
Magic:  8/8        EV:  9    Int:  8    God:    Wu Jian [*.....]
Gold:   426        SH:  7    Dex: 21    Spells: 7/7 levels left

rFire   . . .        a - +0 war axe (freeze)
rCold   . . .        c - +1 buckler
rNeg    + . .        r - +0 chain mail
rPois   .            (helmet unavailable)
rElec   .            b - scarf {+Inv}
rCorr   .            (no gloves)
SInv    +            (no boots)
Will    .....        q - amulet of faith Stlth
                     l - +6 ring of dexterity
HPRegen 0.30/turn    n - ring of positive energy
MPRegen 0.11/turn

%: faith
@: lethally poisoned (-3 -> -4)
A: permanent stasis, dig shafts and tunnels, antennae 3, four strong arms
a: Dig, Shaft Self, Renounce Religion, Evoke Invisibility


You were on level 6 of the Dungeon.
You worshipped Wu Jian.
Wu Jian was aware of your devotion.
You visited 2 branches of the dungeon, and saw 7 of its levels.

You collected 426 gold pieces.

Inventory:

Hand Weapons
 a - a +0 war axe of freezing (weapon)
 g - a +0 vampiric whip
Armour
 b - a scarf of invisibility (worn)
 c - a +1 buckler (worn)
 r - a +0 chain mail (worn)
Jewellery
 l - a +6 ring of dexterity (left hand)
 n - a ring of positive energy (right hand)
 q - an amulet of faith (around neck)
Scrolls
 e - 2 scrolls of fear
 f - 2 scrolls of brand weapon
 s - a scroll of identify
Potions
 d - a potion of might
 h - 3 potions of enlightenment {unknown}
 i - 4 potions of lignification
 j - 2 potions of mutation {unknown}
 k - 6 potions of heal wounds
 m - a potion of brilliance {unknown}
 o - 2 potions of haste {unknown}
 p - a potion of attraction {unknown}


   Skills:
 + Level 4.6 Fighting
 * Level 7.4 Axes
 * Level 6.3 Armour
 + Level 1.8 Dodging
 + Level 0.2 Stealth
 * Level 6.3 Shields


You had 7 spell levels left.
You didn't know any spells.
Your spell library contained the following spells:

 Spells                   Type           Power      Damage    Failure   Level
 Sandblast                Erth           0%         2d4       97%         1
 Summon Small Mammal      Summ           0%         N/A       97%         1
 Passwall                 Tmut/Erth      0%         N/A       99%         2
 Call Canine Familiar     Summ           0%         N/A       100%        3
 Stone Arrow              Conj/Erth      0%         3d7       100%        3
 Summon Guardian Golem    Hex/Summ       0%         N/A       100%        3
 Animate Armour           Summ/Erth      0%         N/A       100%        4
 Summon Forest            Summ/Tloc      0%         N/A       100%        5
 Eringya's Noxious Bog    Tmut/Pois      0%         N/A       100%        6
 Summon Hydra             Summ           0%         N/A       100%        7
 Lehudib's Crystal Spear  Conj/Erth      0%         10d2      100%        8


Dungeon Overview and Level Annotations

Branches:
Dungeon (6/15)             Temple (1/1) D:5

Altars:
Ashenzari
Cheibriados
Dithmenos
Elyvilon
Fedhas
Gozag
Hepliaklqana
Kikubaaqudgha
Makhleb
Nemelex Xobeh
Okawaru
Qazlal
Ru
Sif Muna
Trog
Uskayaw
Vehumet
Wu Jian
Yredelemnul
Zin


Innate Abilities, Weirdness & Mutations

You cannot be hasted, slowed, berserked, paralysed or teleported.
You can dig through walls and to a lower floor.
You have a pair of large antennae on your head. (SInv)
Your four strong arms can wield two-handed weapons with a shield.


Message History

Found a glowing sling.
A killer bee and an adder come into view.
Found a scroll labelled RETEPY WESH and a stone.
The killer bee buzzes angrily.
The adder hisses angrily.
An orc comes into view. It is wielding a +0 whip.
There is an open door here.
You barely miss the killer bee. The killer bee closely misses you.
You block the killer bee's attack.
You slash the killer bee! You freeze the killer bee.
The killer bee is severely wounded.
The killer bee closely misses you.
The killer bee stings you but does no damage. x2
You closely miss the killer bee.
The killer bee is severely wounded.
The killer bee stings you.
You are poisoned.
The killer bee poisons you!
The killer bee stings you but does no damage.
You slash the killer bee! You freeze the killer bee.
You kill the killer bee!
The Council accepts your kill.
You feel very sick. You block the adder's attack.
You closely miss the adder.
You feel sick. The adder closely misses you. You block the adder's attack.
You barely miss the adder.
You feel sick. The adder bites you but does no damage.
You slash the adder!
The adder seems to slow down.
You freeze the adder.
You kill the adder!
The Council accepts your kill.
You feel sick.
You slash the ogre! You freeze the ogre.
The ogre is severely wounded.
You feel sick.
The ogre hits you with a +0 giant spiked club!!
You hit the ogre but do no damage.
The ogre is severely wounded.
You feel sick.
The ogre hits you with a +0 giant spiked club!!
You die...

##...........# ############
##............#
##.....>....###.............#
##............#..............#
#............:...............# #
#..............#..........#######
..............###.......<......##
#............##)##..)....#####...
#.............#.@.........#......
...........#.##O##.#.............
###......)####.o ####............
###..###.## ...? ##...........
#......#..####.. ####............
........#..#.##.##.#.............
.........#....#.#.......###......
.........###.##(##..............#
.........# #..###.....#........>.


You could see an ogre and an orc.

Vanquished Creatures
  Sigmund (D:2)
  A water moccasin (D:6)
  4 black bears
  A centaur (D:5)
  2 scorpions
  A water moccasin zombie (D:5)
  A killer bee (D:6)
  A hound (Temple)
  A jelly (D:6)
  A bullfrog zombie (D:5)
  An orc wizard (D:6)
  2 sleepcaps
  2 iguanas
  A hound zombie (D:5)
  2 howler monkey zombies (D:5)
  8 adders
  A white imp (D:4)
  2 ufetubi
  2 worms
  16 orcs
  8 endoplasms
  3 giant cockroaches
  5 goblins
  3 hobgoblins
  2 quokkas
  9 ball pythons
  5 bats
  2 frilled lizards
  8 kobolds
  3 rats
99 creatures vanquished.

Notes
Turn   | Place    | Note
-------+----------+-------------------------------------------
     0 | D:1      | Dylgear the Formicid Fighter began the quest for the Orb.
     0 | D:1      | Reached XP level 1. HP: 18/18 MP: 1/1
   221 | D:1      | Reached XP level 2. HP: 24/24 MP: 2/2
   761 | D:1      | Reached XP level 3. HP: 26/29 MP: 3/3
  1092 | D:2      | Reached XP level 4. HP: 37/37 MP: 4/4
  1318 | D:2      | Noticed Sigmund
  1517 | D:3      | Found an ancient bone altar of Kikubaaqudgha.
  1610 | D:3      | Reached skill level 3 in Axes
  1668 | D:3      | Found a sacrificial altar of Ru.
  1848 | D:3      | Found an opulent altar of Gozag.
  1888 | D:3      | Found a blossoming altar of Fedhas.
  1889 | D:3      | Found a burning altar of Makhleb.
  2342 | D:2      | Found a faded altar of an unknown god.
  2372 | D:2      | Killed Sigmund
  2373 | D:2      | Reached skill level 4 in Axes
  2373 | D:2      | Reached skill level 1 in Dodging
  2373 | D:2      | Reached XP level 5. HP: 31/42 MP: 5/5
  2373 | D:2      | Reached XP level 6. HP: 35/48 MP: 6/6
  2923 | D:4      | Found a hazy altar of Hepliaklqana.
  2926 | D:4      | Found a stormy altar of Qazlal.
  2965 | D:4      | Found the -2 hat of the Alchemist {rElec rPois rF+ rC+ rN+
                  | Will+ rMut rCorr}
  3130 | D:4      | Reached skill level 5 in Shields
  3829 | D:5      | Entered Level 5 of the Dungeon
  3905 | D:5      | Noticed a black bear
  3905 | D:5      | Found a staircase to the Ecumenical Temple.
  3914 | D:5      | Noticed a black bear
  3914 | D:5      | Noticed a black bear
  3919 | Temple   | Entered the Ecumenical Temple
  3923 | Temple   | Reached skill level 5 in Axes
  3923 | Temple   | Reached XP level 7. HP: 30/54 MP: 7/7
  4022 | Temple   | Became a worshipper of the Wu Jian Council
  4109 | D:4      | Reached skill level 5 in Armour
  4364 | D:5      | Found a shadowy altar of Dithmenos.
  4411 | D:5      | Reached XP level 8. HP: 49/60 MP: 8/8
  4611 | D:5      | Found a basalt altar of Yredelemnul.
  4632 | D:5      | Reached skill level 6 in Axes
  5045 | D:6      | Reached * piety under Wu Jian
  5133 | D:6      | Found a hide-covered altar of Uskayaw.
  5244 | D:6      | Reached skill level 7 in Axes
  5635 | D:6      | Slain by an ogre

Illustrated notes

Levels and vault maps discovered:
D:1:      minmay_arrival_three_doors, layout_loops_ring
D:2:      layout_basic, shapermc_ecumenical_altar_acropolis, uniq_sigmund
D:3:      layout_loops_ring, nicolae_ru_sacrificial_ziggurat,
          gammafunk_temple_overflow_statue, nicolae_overflow_crystal_walls,
          grunt_gozag_statues
D:4:      layout_layer_cave, grunt_temple_overflow_open, minmay_misc_feat_doors
D:5:      nicolae_cairo_tiling, layout_rooms, nicolae_yredelemnul_corpse_copse,
          mainiacjoe_overflow_brackets, serial_glass, glass_columns_c,
          glass_columns_b
D:6:      layout_rooms, eat_drink_and_be_merry_uskayaw,
          minmay_fractal_squares_gapless_5
Temple:   compressed_dpeg_circular_temple

Skill      XL: |  1  2  3  4  5  6  7  8 |
---------------+-------------------------+-----
Axes           | 4 5 7 |  7.4
Armour         | 4 5 6 |  6.3
Dodging        | 1 |  1.8
Shields        | 5 6 |  6.3
Fighting       | 4 |  4.6
Stealth        | |  0.2

Action                     |  1- 3 |  4- 6 |  7- 9 || total
---------------------------+-------+-------+-------++-------
  Melee: War axe           |    72 |   117 |   139 ||   328
Ability: Lunge             |       |       |     7 ||     7
         Whirlwind         |       |       |     1 ||     1
    Use: Scroll            |     5 |     4 |     2 ||    11
         Potion            |       |       |     1 ||     1
 Armour: Scale mail        |    40 |    54 |    41 ||   135
         Chain mail        |       |       |     9 ||     9
  Dodge: Dodged            |    34 |    58 |    63 ||   155
  Block: Buckler           |    28 |    30 |    57 ||   115

Table legend: (Time is in decaauts)
 A = Elapsed time spent in this place.
 B = Non-inter-level travel time spent in this place.
 C = Inter-level travel time spent in this place.
 D = Time resting spent in this place.
 E = Time spent auto-exploring this place.
 F = Levels seen in this place.
 G = Mean time per level.
                   A        B        C        D        E       F      G
               +--------+--------+--------+--------+--------+-----+--------+
         Total |   5739 |   5246 |    493 |    543 |   3471 |   7 |  819.9 |
       Dungeon |   5558 |   5085 |    473 |    467 |   3408 |   6 |  926.3 |
        Temple |    180 |    160 |     20 |     76 |     63 |   1 |  180.0 |
               +--------+--------+--------+--------+--------+-----+--------+

Top non-repeatable levels by time:
     D:4: 1253 daAuts
     D:1: 1001 daAuts
     D:3: 926 daAuts
     D:2: 902 daAuts
     D:5: 783 daAuts
     D:6: 691 daAuts
  Temple: 180 daAuts
